 Dungeon Crawl Stone Soup version 0.30-a0-949-g53dc5368d7 (webtiles) character file.

Game seed: 851722156618845281

86 qeuew the Cudgeller (level 4, -3/35 HPs)
             Began as a Demonspawn Chaos Knight on Mar 27, 2023.
             Was a Plaything of Xom.
             Slain by a black bear (4 damage)
             ... on level 4 of the Dungeon.
             The game lasted 00:04:10 (1996 turns).

qeuew the Cudgeller (Demonspawn Chaos Knight)       Turns: 1996, Time: 00:04:11

Health: -3/35      AC:  8    Str: 13 (14) XL:     4   Next: 27%
Magic:  4/4        EV: 10    Int: 11 (13) God:    Xom [*.....]
Gold:   162        SH:  0    Dex: 10 (13) Spells: 3/3 levels left

rFire   . . .      SeeInvis .    a - +0 mace (flame)
rCold   + . .      Faith    .    (no shield)
rNeg    . . .      Spirit   .    o - +1 ring mail {rPois}
rPois   +          Reflect  .    (helmet restricted)
rElec   .          Rampage  .    (no cloak)
rCorr   +                        (no gloves)
Will    .....                    (no boots) Stlth
                                 l - amulet of regeneration
HPRegen 1.05/turn                f - ring of resist corrosion
MPRegen 0.09/turn                (no ring)

@: no status effects
A: molten scales 1, powered by death 1, antennae 1, fangs 1, cold resistance 1
a: Renounce Religion


You were on level 4 of the Dungeon.
You worshipped Xom.
You were a special plaything of Xom.
You visited 1 branch of the dungeon, and saw 4 of its levels.

You collected 162 gold pieces.

Inventory:

Hand Weapons
 a - a +0 mace of flaming (weapon)
Armour
 o - a +1 ring mail of poison resistance (worn)
Jewellery
 f - a ring of resist corrosion (left hand)
 l - an amulet of regeneration (around neck)
Wands
 m - a wand of acid (7)
 p - a wand of charming (8)
Scrolls
 d - a scroll of fear
 g - 2 scrolls of teleportation
 h - 2 scrolls of butterflies
 i - a scroll of identify
 k - a scroll of amnesia
Potions
 b - a potion of haste {unknown}
 e - a potion of cancellation
 j - 2 potions of curing
 n - 2 potions of lignification {unknown}
Miscellaneous
 c - a piece from Xom's chessboard (15/15) (quivered)


   Skills:
 + Level 3.4 Fighting
 * Level 3.4 Maces & Flails
 * Level 2.6 Armour
 + Level 1.4 Dodging
 + Level 1.1 Evocations


You had 3 spell levels left.
You didn't know any spells.
Your spell library contained the following spells:

 Spells                   Type           Power      Damage    Failure   Level
 Slow                     Hex            0%         N/A       58%         1
 Confusing Touch          Hex            0%         N/A       91%         3
 Vampiric Draining        Necr           0%         2d6       91%         3


Dungeon Overview and Level Annotations

Branches:
Dungeon (4/15)
 Temple: D:4-7

Altars:
Wu Jian
Xom

Shops:
D:4 :


Innate Abilities, Weirdness & Mutations

You are partially covered in molten scales. (AC +2)
You regenerate a little health from kills.
You have a pair of small antennae on your head.
You have very sharp teeth.
Your flesh is cold resistant. (rC+)


Message History

You hit the black bear. You burn the black bear.
The black bear is severely wounded.
The black bear closely misses you.
The black bear claws you but does no damage. x2
You hit the black bear but do no damage.
The black bear is severely wounded.
The black bear bites you but does no damage.
The black bear barely misses you. The black bear closely misses you.
You hit the black bear. You burn the black bear.
The black bear is almost dead.
The black bear bites you.
The black bear claws you but does no damage. x2
The black bear barely misses you.
The black bear claws you but does no damage.
The black bear completely misses you.
You hit the black bear but do no damage.
The black bear is almost dead.
The black bear goes berserk!
You hit the black bear. You burn the black bear.
You bite the black bear, but do no damage.
The black bear is almost dead.
The black bear bites you.
The black bear claws you but does no damage.
The black bear claws you. The black bear bites you!
The black bear claws you but does no damage. x2
You hit the black bear but do no damage.
The black bear is almost dead.
The black bear bites you but does no damage.
The black bear claws you but does no damage. x2
The black bear barely misses you. The black bear claws you.
The black bear barely misses you.
You hit the black bear but do no damage.
The black bear is almost dead.
The black bear bites you!
* * * LOW HITPOINT WARNING * * *
A shower of butterflies erupts from you!
The black bear claws you.
* * * LOW HITPOINT WARNING * * *
The black bear claws you.
You die...

# ######### # #.......#
. # #.......# ..
#####.......# ######...
...##.......####b)b.....
#....#'#.......†..b.....
...###.#....####@h....##
##.# #.###### #......#
#.###<# ...b...#
##.#.'.# ..#######
...#.'.# ... .....#∩#
.... ######.# .....
.....#.# ...... .....#+#


You could see a black bear (berserk, ally target).

Vanquished Creatures
  3 adders
  A worm (D:2)
  2 dart slugs
  2 orcs
  5 ball pythons
  4 endoplasms
  2 giant cockroaches (D:1)
  4 goblins
  3 hobgoblins
  2 jackals (D:2)
  4 kobolds
  3 quokkas (D:1)
  4 bats
  2 frilled lizards
  5 rats
46 creatures vanquished.

Vanquished Creatures (others)
  3 toadstools (D:2)
3 creatures vanquished.

Grand Total: 49 creatures vanquished

Notes
Turn   | Place    | Note
-------+----------+-------------------------------------------
     0 | D:1      | qeuew the Demonspawn Chaos Knight began the quest for the
                  | Orb.
     0 | D:1      | Reached XP level 1. HP: 18/18 MP: 1/1
    11 | D:1      | XOM: divination: detect creatures
   108 | D:1      | Reached skill level 1 in Dodging
   138 | D:1      | XOM: silly message
   181 | D:1      | Gained mutation: You are partially covered in molten
                  | scales. (AC +2) [demonic ancestry]
   181 | D:1      | Reached XP level 2. HP: 24/24 MP: 2/2
   589 | D:1      | XOM: cloud trail
   651 | D:2      | XOM: stealth player
   735 | D:2      | XOM: divination: magic mapping
   780 | D:2      | Reached XP level 3. HP: 29/29 MP: 3/3
   871 | D:2      | XOM: scenery: create altars
  1278 | D:3      | Found an ornate altar of the Wu Jian Council.
  1457 | D:3      | Found a faded altar of an unknown god.
  1502 | D:3      | Reached skill level 1 in Evocations
  1504 | D:3      | XOM: god gift: short wooden wand {god gift}
  1787 | D:3      | Gained mutation: You have a pair of small antennae on your
                  | head. [potion of mutation]
  1787 | D:3      | Gained mutation: Your flesh is cold resistant. (rC+)
                  | [potion of mutation]
  1787 | D:3      | Gained mutation: You have very sharp teeth. [potion of
                  | mutation]
  1890 | D:4      | Gained mutation: You regenerate a little health from kills.
                  | [demonic ancestry]
  1890 | D:4      | Reached XP level 4. HP: 31/35 MP: 4/4
  1905 | D:4      | XOM: god gift: +1 ring mail of poison resistance
  1947 | D:4      | Found Naes's Book Shoppe.
  1976 | D:4      | Noticed a black bear
  1977 | D:4      | XOM: confuse monster(s)
  1996 | D:4      | XOM: butterfly on damage
  1996 | D:4      | HP: 1/35 [black bear (2)]
  1996 | D:4      | Slain by a black bear

Illustrated notes

Levels and vault maps discovered:
D:1:      ncdulo_watergridlock, layout_basic,
          nicolae_concentric_dashed_squares_mild
D:2:      layout_basic, minmay_misc_feat_tower, ebering_dispersal_statue_hall,
          minmay_gold_behind_fungi, st_stairs_13
D:3:      cheibrodos_helix_gallery, layout_basic, nzn_wu_jian_contemplation,
          ebering_ecumenical_altar_hall
D:4:      layout_basic, serial_shops, nicolae_shop_hallway_stairs

Skill      XL: |  1  2  3 |
---------------+----------+-----
Dodging        | 1 |  1.4
Armour         | 2 |  2.6
Maces & Flails | 3 |  3.4
Evocations     | 1 |  1.1
Fighting       | |  3.4

Action                     |  1- 3 |  4- 6 || total
---------------------------+-------+-------++-------
  Melee: Mace              |   119 |    24 ||   143
         Punch             |     2 |       ||     2
         Bite              |     1 |     1 ||     2
    Use: Scroll            |     9 |       ||     9
         Potion            |     8 |       ||     8
   Stab: Sleeping          |     1 |       ||     1
 Armour: Leather armour    |    63 |       ||    63
         Ring mail         |       |    23 ||    23
  Dodge: Dodged            |    83 |    16 ||    99

Table legend: (Time is in decaauts)
 A = Elapsed time spent in this place.
 B = Non-inter-level travel time spent in this place.
 C = Inter-level travel time spent in this place.
 D = Time resting spent in this place.
 E = Time spent auto-exploring this place.
 F = Levels seen in this place.
 G = Mean time per level.
                   A        B        C        D        E       F      G
               +--------+--------+--------+--------+--------+-----+--------+
         Total |   2031 |   1988 |     43 |      0 |   1559 |   4 |  507.8 |
       Dungeon |   2031 |   1988 |     43 |      0 |   1559 |   4 |  507.8 |
               +--------+--------+--------+--------+--------+-----+--------+

Top non-repeatable levels by time:
     D:1: 662 daAuts
     D:3: 638 daAuts
     D:2: 534 daAuts
     D:4: 196 daAuts
